ITL
AMARILLO ARCHDUKES @ WABA DUCKS
09/14/2026
 
TOP OF THE 1ST
Amarillo Archdukes batting - Pitching for Waba Ducks : RHP Miguel Guerrero
Pitching: RHP Miguel Guerrero
Batting: RHB Gil Watcham 0-0: Foul Ball, location: 2F
0-1: Foul Ball, location: 2F
0-2: Ball
1-2: Fly out, F4 (Popup, 3F)
Batting: RHB Nobuharu Hoshino 0-0: Ball
1-0: Foul Ball, location: 2F
1-1: Ball
2-1: Swinging Strike
2-2: Foul Ball, location: 2F
2-2: Foul Ball, location: 2F
2-2: Foul Ball, location: 2F
2-2: Fly out, F8 (Flyball, 8LM)
Batting: LHB Jorge Martínez 0-0: Ball
1-0: Ball
2-0: DOUBLE (Line Drive, 7LM)
Batting: RHB Norm Francis 0-0: Fly out, F8 (Line Drive, 8LS)
Top of the 1st over - 0 run(s), 1 hit(s), 0 error(s), 1 left on base; Amarillo 0 - Waba 0
BOTTOM OF THE 1ST
Waba Ducks batting - Pitching for Amarillo Archdukes : RHP Nick Parks
Pitching: RHP Nick Parks
Batting: RHB Don Keating 0-0: Ball
1-0: Called Strike
1-1: Ground out 6-3 (Groundball, 6)
Batting: RHB Jeremy Flemming 0-0: Ball
1-0: Ball
2-0: Foul Ball, location: 2F
2-1: Ball
3-1: Fly out, F4 (Popup, 4)
Batting: LHB Joe Sanders 0-0: Reached on error, E6 (Groundball, 6)
Batting: RHB Ramón Torres 0-0: Called Strike
0-1: Foul Ball, location: 2F
0-2: Fly out, F6 (Popup, 5D)
Bottom of the 1st over - 0 run(s), 0 hit(s), 1 error(s), 1 left on base; Amarillo 0 - Waba 0
TOP OF THE 2ND
Amarillo Archdukes batting - Pitching for Waba Ducks : RHP Miguel Guerrero
Batting: LHB Howard Lambert 0-0: Called Strike
0-1: Foul Ball, location: 2F
0-2: Strikes out swinging
Batting: LHB Michael Cook 0-0: Fly out, F8 (Flyball, 8RM)
Batting: RHB Ronald Parsons 0-0: Ball
1-0: Fly out, F8 (Line Drive, 8RM)
Top of the 2nd over - 0 run(s), 0 hit(s), 0 error(s), 0 left on base; Amarillo 0 - Waba 0
BOTTOM OF THE 2ND
Waba Ducks batting - Pitching for Amarillo Archdukes : RHP Nick Parks
Batting: RHB Ed Small 0-0: DOUBLE (Flyball, 7D)
Batting: RHB Pedro Molina 0-0: Ball
1-0: Called Strike
1-1: Fly out, F4 (Popup, 4)
Batting: LHB William Wolf 0-0: Called Strike
0-1: Called Strike
0-2: Strikes out swinging
Batting: RHB Ángelo García 0-0: Ground out 3-1 (Groundball, 34)
Bottom of the 2nd over - 0 run(s), 1 hit(s), 0 error(s), 1 left on base; Amarillo 0 - Waba 0
TOP OF THE 3RD
Amarillo Archdukes batting - Pitching for Waba Ducks : RHP Miguel Guerrero
Batting: RHB José Tamayo 0-0: Foul Ball, location: 2F
0-1: Ball
1-1: Called Strike
1-2: Strikes out swinging
Batting: RHB Mark Roy 0-0: Ball
1-0: Foul Ball, location: 2F
1-1: Called Strike
1-2: Foul Ball, location: 2F
1-2: Ball
2-2: Foul Ball, location: 2F
2-2: Strikes out swinging
Batting: RHB Gil Watcham 0-0: Swinging Strike
0-1: Swinging Strike
0-2: Strikes out looking
Top of the 3rd over - 0 run(s), 0 hit(s), 0 error(s), 0 left on base; Amarillo 0 - Waba 0
BOTTOM OF THE 3RD
Waba Ducks batting - Pitching for Amarillo Archdukes : RHP Nick Parks
Batting: RHB António Valdéz 0-0: Called Strike
0-1: Called Strike
0-2: Foul Ball, location: 2F
0-2: Foul Ball, location: 2F
0-2: Strikes out looking
Batting: RHB Don Keating 0-0: Swinging Strike
0-1: Ball
1-1: Called Strike
1-2: Ball
2-2: Strikes out looking
Batting: RHB Jeremy Flemming 0-0: Fly out, F6 (Popup, 6MD)
Bottom of the 3rd over - 0 run(s), 0 hit(s), 0 error(s), 0 left on base; Amarillo 0 - Waba 0
TOP OF THE 4TH
Amarillo Archdukes batting - Pitching for Waba Ducks : RHP Miguel Guerrero
Batting: RHB Nobuharu Hoshino 0-0: Hit by Pitch
Batting: LHB Jorge Martínez 0-0: Ball
1-0: Called Strike
1-1: Ball
2-1: Ball
3-1: Called Strike
3-2: Ground out 4-3 (Groundball, 4M)
Nobuharu Hoshino to second
Batting: RHB Norm Francis 0-0: Foul Ball, location: 2F
0-1: Called Strike
0-2: Ball
Wild Pitch!
Nobuharu Hoshino to third
1-2: SINGLE (Line Drive, 56)
Nobuharu Hoshino scores
Batting: LHB Howard Lambert 0-0: Ball
1-0: Swinging Strike
1-1: Swinging Strike
1-2: Ball
2-2: Strikes out swinging
Batting: LHB Michael Cook 0-0: Ball
1-0: Foul Ball, location: 2F
1-1: Called Strike
1-2: Foul Ball, location: 2F
1-2: Foul Ball, location: 2F
1-2: Foul Ball, location: 2F
1-2: Strikes out looking
Top of the 4th over - 1 run(s), 1 hit(s), 0 error(s), 1 left on base; Amarillo 1 - Waba 0
BOTTOM OF THE 4TH
Waba Ducks batting - Pitching for Amarillo Archdukes : RHP Nick Parks
Batting: LHB Joe Sanders 0-0: Ground out 4-3 (Groundball, 4M)
Batting: RHB Ramón Torres 0-0: Foul Ball, location: 2F
0-1: Fly out, F9 (Flyball, 9M)
Batting: RHB Ed Small 0-0: Ball
1-0: Called Strike
1-1: SINGLE (Line Drive, 4M)
Batting: RHB Pedro Molina 0-0: Foul Ball, location: 2F
0-1: Foul Ball, location: 2F
0-2: Ball
Ed Small steals 2nd base
1-2: Strikes out swinging
Bottom of the 4th over - 0 run(s), 1 hit(s), 0 error(s), 1 left on base; Amarillo 1 - Waba 0
TOP OF THE 5TH
Amarillo Archdukes batting - Pitching for Waba Ducks : RHP Miguel Guerrero
Batting: RHB Ronald Parsons 0-0: Ball
1-0: Ball
2-0: Ball
3-0: Called Strike
3-1: DOUBLE (Groundball, 3D)
Batting: RHB José Tamayo 0-0: Called Strike
0-1: Swinging Strike
0-2: Ball
1-2: Ball
2-2: Ball
3-2: Strikes out swinging
Batting: RHB Mark Roy 0-0: Ball
1-0: Fly out, F9 (Flyball, 9M)
Batting: RHB Gil Watcham 0-0: Ball
1-0: Ball
2-0: Ball
3-0: Called Strike
3-1: Called Strike
3-2: Strikes out looking
Top of the 5th over - 0 run(s), 1 hit(s), 0 error(s), 1 left on base; Amarillo 1 - Waba 0
BOTTOM OF THE 5TH
Waba Ducks batting - Pitching for Amarillo Archdukes : RHP Nick Parks
Batting: LHB William Wolf 0-0: Ball
1-0: SINGLE (Line Drive, 78S)
Batting: RHB Ángelo García 0-0: Ball
1-0: Called Strike
William Wolf is caught stealing 2nd base
1-1: Called Strike
1-2: SINGLE (Flyball, 7S)
Batting: RHB António Valdéz 0-0: Called Strike
0-1: Ball
1-1: Swinging Strike
1-2: Ground out 5-3 (Groundball, 5S)
Ángelo García to second
Batting: RHB Don Keating 0-0: Ball
1-0: Ball
2-0: Ground out 6-3 (Groundball, 6M)
Bottom of the 5th over - 0 run(s), 2 hit(s), 0 error(s), 1 left on base; Amarillo 1 - Waba 0
TOP OF THE 6TH
Amarillo Archdukes batting - Pitching for Waba Ducks : RHP Miguel Guerrero
Batting: RHB Nobuharu Hoshino 0-0: Foul Ball, location: 2F
0-1: Swinging Strike
0-2: Strikes out swinging
Batting: LHB Jorge Martínez 0-0: Swinging Strike
0-1: Ball
1-1: Foul Ball, location: 2F
1-2: SINGLE (Line Drive, 34)
Pitching: RHP François Boudreault
Batting: RHB Norm Francis 0-0: Foul Ball, location: 2F
0-1: SINGLE (Flyball, 9LS)
Jorge Martínez to second
Throwing error, E9
Jorge Martínez scores
Norm Francis to second
Batting: LHB Howard Lambert 0-0: Ball
1-0: Called Strike
1-1: Called Strike
1-2: Ball
2-2: Strikes out swinging
Batting: LHB Michael Cook 0-0: Foul Ball, location: 2F
0-1: Swinging Strike
0-2: Strikes out swinging
Top of the 6th over - 1 run(s), 2 hit(s), 1 error(s), 1 left on base; Amarillo 2 - Waba 0
BOTTOM OF THE 6TH
Waba Ducks batting - Pitching for Amarillo Archdukes : RHP Nick Parks
Batting: RHB Jeremy Flemming 0-0: Foul Ball, location: 2F
0-1: Ball
1-1: Ball
2-1: Foul Ball, location: 2F
2-2: Ball
3-2: Foul Ball, location: 2F
3-2: Foul Ball, location: 2F
3-2: Foul Ball, location: 2F
3-2: Foul Ball, location: 2F
3-2: Strikes out swinging
Batting: LHB Joe Sanders 0-0: Foul Ball, location: 2F
0-1: Ball
1-1: Ball
2-1: Ground out 5-3 (Groundball, 5S)
Batting: RHB Ramón Torres 0-0: Called Strike
0-1: Ball
1-1: Ball
2-1: Foul Ball, location: 2F
2-2: Ball
3-2: Strikes out looking
Bottom of the 6th over - 0 run(s), 0 hit(s), 0 error(s), 0 left on base; Amarillo 2 - Waba 0
TOP OF THE 7TH
Amarillo Archdukes batting - Pitching for Waba Ducks : RHP François Boudreault
Batting: RHB Ronald Parsons 0-0: Ball
1-0: Called Strike
1-1: Foul Ball, location: 2F
1-2: Fly out, F8 (Flyball, 8RD)
Batting: RHB José Tamayo 0-0: Swinging Strike
0-1: Ball
1-1: Swinging Strike
1-2: Strikes out swinging
Batting: RHB Mark Roy 0-0: Called Strike
0-1: Ball
1-1: Ball
2-1: Fly out, F7 (Flyball, 78S)
Top of the 7th over - 0 run(s), 0 hit(s), 0 error(s), 0 left on base; Amarillo 2 - Waba 0
BOTTOM OF THE 7TH
Waba Ducks batting - Pitching for Amarillo Archdukes : RHP Nick Parks
Batting: RHB Ed Small 0-0: Called Strike
0-1: Ball
1-1: DOUBLE (Flyball, 7D)
Batting: RHB Pedro Molina 0-0: Ball
1-0: Fly out, F9 (Flyball, 9M)
Batting: LHB William Wolf 0-0: Ball
1-0: Called Strike
1-1: Ball
2-1: Ball
3-1: Swinging Strike
3-2: Foul Ball, location: 2F
3-2: Base on Balls
Pinch Hitting: RHB Tokuhei Kobayashi 0-0: Ball
1-0: Foul Ball, location: 2F
1-1: Ball
2-1: Grounds into double play, 6-4-3 (Groundball, 6M)
Bottom of the 7th over - 0 run(s), 1 hit(s), 0 error(s), 1 left on base; Amarillo 2 - Waba 0
TOP OF THE 8TH
Amarillo Archdukes batting - Pitching for Waba Ducks : RHP François Boudreault
Now at 3B: Tokuhei Kobayashi
Batting: RHB Gil Watcham 0-0: Foul Ball, location: 2F
0-1: Foul Ball, location: 2F
0-2: Strikes out swinging
Pitching: RHP Yodo Nakagawa
Batting: RHB Nobuharu Hoshino 0-0: Ball
1-0: Called Strike
1-1: Ball
2-1: Ball
3-1: Fly out, F8 (Flyball, 8RD)
Batting: LHB Jorge Martínez 0-0: Called Strike
0-1: Swinging Strike
0-2: Foul Ball, location: 2F
0-2: SINGLE (Flyball, 8LS)
Batting: RHB Norm Francis 0-0: Called Strike
0-1: Ball
1-1: Ball
2-1: Ball
3-1: Base on Balls
Jorge Martínez to second
Batting: LHB Howard Lambert 0-0: Foul Ball, location: 2F
0-1: Ball
1-1: Foul Ball, location: 2F
1-2: Ball
2-2: DOUBLE (Groundball, 3L)
Jorge Martínez scores
Norm Francis to third
Batting: LHB Michael Cook 0-0: Ball
1-0: Fly out, F7 (Flyball, 78XD)
Top of the 8th over - 1 run(s), 2 hit(s), 0 error(s), 2 left on base; Amarillo 3 - Waba 0
BOTTOM OF THE 8TH
Waba Ducks batting - Pitching for Amarillo Archdukes : RHP Nick Parks
Batting: RHB António Valdéz 0-0: Ball
1-0: Ball
2-0: Ball
3-0: Called Strike
3-1: Swinging Strike
3-2: Foul Ball, location: 2F
3-2: Base on Balls
Batting: RHB Don Keating 0-0: Called Strike
0-1: SINGLE (Groundball, 5D)
António Valdéz to second
Batting: RHB Jeremy Flemming 0-0: Called Strike
0-1: Ball
1-1: SINGLE (Line Drive, 8RS)
António Valdéz to third
Don Keating to second
Pitching: LHP Charlie Conner
Batting: LHB Joe Sanders 0-0: Foul Ball, location: 2F
0-1: Ball
1-1: Ball
2-1: Ball
3-1: Base on Balls
António Valdéz scores
Don Keating to third
Jeremy Flemming to second
Pitching: RHP Jeff Lawson
Batting: RHB Ramón Torres 0-0: Ball
1-0: Foul Ball, location: 2F
1-1: Called Strike
1-2: Foul Ball, location: 2F
1-2: Ball
Passed Ball!
Don Keating scores
Jeremy Flemming to third
Joe Sanders to second
2-2: Fly out, F2 (Popup, 2RF)
Batting: RHB Ed Small 0-0: Called Strike
0-1: Swinging Strike
0-2: Strikes out swinging
Batting: RHB Pedro Molina 0-0: Called Strike
0-1: Ball
1-1: Ball
2-1: Foul Ball, location: 2F
2-2: Foul Ball, location: 2F
2-2: Fly out, F4 (Popup, 4M)
Bottom of the 8th over - 2 run(s), 2 hit(s), 0 error(s), 2 left on base; Amarillo 3 - Waba 2
TOP OF THE 9TH
Amarillo Archdukes batting - Pitching for Waba Ducks : RHP Yodo Nakagawa
Batting: RHB Ronald Parsons 0-0: Called Strike
0-1: Ball
1-1: Swinging Strike
1-2: Foul Ball, location: 2F
1-2: Foul Ball, location: 2F
1-2: Ball
2-2: Ball
3-2: Strikes out looking
Batting: RHB José Tamayo 0-0: Foul Ball, location: 2F
0-1: Swinging Strike
0-2: Ball
1-2: Strikes out swinging
Batting: RHB Mark Roy 0-0: Called Strike
0-1: SINGLE (Groundball, 56)
Pinch Hitting: SHB António De La Cruz 0-0: Ball
1-0: Called Strike
1-1: Foul Ball, location: 2F
1-2: Strikes out swinging
Top of the 9th over - 0 run(s), 1 hit(s), 0 error(s), 1 left on base; Amarillo 3 - Waba 2
BOTTOM OF THE 9TH
Waba Ducks batting - Pitching for Amarillo Archdukes : RHP Jeff Lawson
Pitching: RHP Ignacio Beltrán
Now at SS: Eric Fuller
Batting: LHB William Wolf 0-0: Ball
1-0: Ball
2-0: Foul Ball, location: 2F
2-1: Swinging Strike
2-2: Ball
3-2: Strikes out swinging
Batting: RHB Tokuhei Kobayashi 0-0: Ball
1-0: Called Strike
1-1: Swinging Strike
1-2: Strikes out swinging
Batting: RHB António Valdéz 0-0: Swinging Strike
0-1: Ball
1-1: Swinging Strike
1-2: Ball
2-2: Foul Ball, location: 2F
2-2: Ball
3-2: Strikes out looking
Bottom of the 9th over - 0 run(s), 0 hit(s), 0 error(s), 0 left on base; Amarillo 3 - Waba 2
Monday, December 5th, 2016 - OOTP Baseball 17.12 Build 75